[Event "Live Chess"]
[Site "Chess.com"]
[Date "2023.05.20"]
[Round "-"]
[White "rideuv21"]
[Black "ameetghasi100"]
[Result "0-1"]
[WhiteElo "1832"]
[BlackElo "2711"]
[TimeControl "300"]
[EndTime "12:23:31 PDT"]
[Termination "ameetghasi100 won by checkmate"]

1. e4 c5 2. c3 Nf6 3. e5 Nd5 4. d4 cxd4 5. Nf3 Nc6 6. cxd4 d6 7.
Bc4 e6 8. O-O Be7 9. Qe2 O-O 10.
Nc3 dxe5 11. dxe5 Na5 12. Bd3 b6 13. Qe4 g6 14. Bh6 Re8 15. Rad1 Bb7 16. Nxd5 Bxd5 17. Qf4 Qc7 18. Ng5 f5 19. g4 Bxg5 20. Bxg5 fxg4 21. Bf6 Rf8 22. Qxg4 Rxf6 23. exf6 Qf7 24. Be4 Nc6 25. Bxd5 exd5 26. Qf3 Rd8 27. Rfe1 Rd6 28. Re2 d4 29. Rc2 Rxf6 30. Qe4 Re6 31. Qg2 Qd7 32. Rdc1 d3 33. Rd2 Nd4 34. Rcd1 Ne2+ 35. Kf1 Nf4 36. Qf3 g5 37.
Rxd3 Nxd3 38. Qxd3 Qc6 39. Qd8+ Re8 40. Qd7 Qh1# 0-1

[Event "Live Chess"]
[Site "Chess.com"]
[Date "2023.05.20"]
[Round "-"]
[White "sup3rm0nk3y"]
[Black "thrithik"]
[Result "1-0"]
[WhiteElo "1320"]
[BlackElo "384"]
[TimeControl "300"]
[EndTime "12:23:39 PDT"]
[Termination "sup3rm0nk3y won by checkmate"]

1. b3 e6 2. Bb2 b6 3. e4 c6 4.
Bc4 Qg5 5. g3 Qe5 6. Bxe5 f6 7.
Bb2 d6 8. d4 Ba6 9. Bxa6 Nh6 10. Be2 g6 11. Nf3 Ng4 12. O-O h6 13. Nfd2 a6 14.
Bxg4 h5 15. Bxe6 f5 16. d5 cxd5 17. Bxh8 fxe4 18. Bxd5 Ra7 19. Nxe4 Nd7 20. Re1 Ne5 21. Bxe5 g5 22. Nxd6+ Bxd6 23. Bxd6+ Kd7 24. Be6+ Kc6 25. Qd5# 1-0

[Event "Live Chess"]
[Site "Chess.com"]
[Date "2023.05.20"]
[Round "-"]
[White "LL220284LL"]
[Black "ProfPoisson"]
[Result "1-0"]
[WhiteElo "2401"]
[BlackElo "1071"]
[TimeControl "300"]
[EndTime "12:23:43 PDT"]
[Termination "LL220284LL won by checkmate"]

1. e3 e5 2. b3 d5 3. Bb2 Bd6 4. Nf3 Nc6 5. d4 e4 6. Ne5 Bxe5 7. dxe5 Qe7 8. Bb5 Bd7 9. Bxc6 Bxc6 10. O-O O-O-O 11.
Nd2 h5 12. Qe2 f6 13. exf6 gxf6 14. c4 Nh6 15. cxd5 Bxd5 16. Rac1 Qd6 17. Nc4 Bxc4 18.
Qxc4 Ng4 19. g3 h4 20. Qxe4 Nxh2 21. Kxh2 hxg3+ 22. Kg2 Rh2+ 23. Kf3 g2 24. Rg1 Rh3+ 25. Kxg2 Qh2+ 26. Kf1 a6 27. Qf4 Qxg1+ 28. Kxg1 Rg8+ 29.
Kf1 Rh1+ 30. Ke2 Rgg1 31. Qxc7# 1-0

[Event "Live Chess"]
[Site "Chess.com"]
[Date "2023.05.20"]
[Round "-"]
[White "viktorskliarov"]
[Black "OleksiyJr1"]
[Result "1-0"]
[WhiteElo "2650"]
[BlackElo "933"]
[TimeControl "300"]
[EndTime "12:23:44 PDT"]
[Termination "viktorskliarov won by resignation"]

1. e4 c5 2. Nf3 Nc6 3. Bb5 Nf6 4.
Bxc6 bxc6 5. d3 Bb7 6. O-O e6 7. e5 Nd5 8. Nbd2 Be7 9. Ne4 O-O 10. c4 Nc7 11. Be3 d5 12. exd6 Bxd6 13. Nxd6 Qxd6 14.
Ng5 Qe5 15. Rb1 Ne8 16. Ne4 Nf6 17. Nxc5 Rab8 18. h3 Bc8 19. b4 Nd7 20. Qf3 Nxc5 21. Bxc5 Rd8 22. Bxa7 Rb7 23. Bc5 Qc3 24. Rfd1 Qc2 25.
Rbc1 Qxa2 26. Qxc6 1-0

[Event "Live Chess"]
[Site "Chess.com"]
[Date "2023.05.20"]
[Round "-"]
[White "booktrunk"]
[Black "SirEntrails"]
[Result "1-0"]
[WhiteElo "1320"]
[BlackElo "537"]
[TimeControl "300"]
[EndTime "12:23:45 PDT"]
[Termination "booktrunk won by resignation"]

1. d4 d5 2. c3 Bf5 3. Bf4 Nc6 4. Nd2 f6 5. h3 e5 6. dxe5 Nxe5 7. Ngf3 Ne7 8. Bxe5 fxe5 9. Nxe5 Ng6 10. Nxg6 Bxg6 11. e3 Bc5 12. Nf3 Qf6 13. Bd3 Bxd3 14. Qxd3 O-O-O 15. O-O-O h5 16. Rhf1 g6 17. Qb5 Qb6 18. Qa4 Rhe8 19.
Qc2 c6 20. Qxg6 h4 21. Qg4+ Rd7 22. Qxh4 Re4 23. Qh8+ Rd8 24. Qh7 Ra4 25. a3 Bxa3 26.
Qf5+ Rd7 27. bxa3 Rxa3 28. Qf8+ Rd8 29. Qxa3 Qa6 30. Qxa6 bxa6 31. Rd2 Kb7 32. Kc2 Rg8 33. Rb1+ Kc7 34. g4 Rh8 35. Ng1 Rh4 36. f4 Kd6 37. Rf2 Ke6 38. f5+ Kf6 39. Rb7 Kg5 40. Rxa7 Rh6 41.
Rxa6 Kh4 42. f6 Kg3 43. f7 Kxf2 44. f8=Q+ Kxg1 45. Qxh6 Kg2 46. Qxc6 Kxh3 47. Qxd5 Kxg4 48. c4 1-0

[Event "Live Chess"]
[Site "Chess.com"]
[Date "2023.05.20"]
[Round "-"]
[White "Ocelot32"]
[Black "Demyan7777"]
[Result "0-1"]
[WhiteElo "1391"]
[BlackElo "1676"]
[TimeControl "300"]
[EndTime "12:23:47 PDT"]
[Termination "Demyan7777 won by checkmate"]

1. e4 c6 2. Nf3 c5 3. c3 Nf6 4. e5 Nd5 5. d4 cxd4 6. cxd4 d6 7. exd6 Qxd6 8. Nc3 e6 9. Bd2 a6 10. Be2 Bd7 11.
O-O Be7 12. Ne5 Nc6 13. Nxd7 Qxd7 14. Bd3 Ncb4 15. Bb1 Rc8 16. Qg4 Bf6 17. Bg5 Qe7 18.
Bxf6 Qxf6 19. Nxd5 Nxd5 20. Bd3 O-O 21. Qe4 g6 22.
Rac1 b5 23. Rc5 Rxc5 24. dxc5 Qxb2 25. c6 Rc8 26. a4 bxa4 27. Bxa6 Rxc6 28. Qxa4 Rb6 29.
Qe8+ Kg7 30. Bc4 Nf4 31. Qd7 Rb4 32. Ba6 Qe5 33. Qe7 Rb6 34. Bc4 Rc6 35. Bb5 Qxb5 36. g3 Ne2+ 37. Kg2 Qd5+ 38. Kh3 Rc4 39. Qa3 Nd4 40. Qb2 e5 41. Rd1 Qf3 42. Qa2 Ne6 43.
Re1 Ng5# 0-1

[Event "Live Chess"]
[Site "Chess.com"]
[Date "2023.05.20"]
[Round "-"]
[White "whitedjohn"]
[Black "Salpingidis"]
[Result "0-1"]
[WhiteElo "1662"]
[BlackElo "2302"]
[TimeControl "300"]
[EndTime "12:23:59 PDT"]
[Termination "Salpingidis won by resignation"]

1. e4 e6 2. d4 d5 3. Nc3 dxe4 4. Nxe4 Nd7 5. Nf3 Ngf6 6. Bg5 Be7 7. Nxf6+ Nxf6 8.
Bd3 O-O 9. O-O b6 10. Qe2 Bb7 11.
c3 c5 12. dxc5 bxc5 13. Bxf6 Bxf6 14. Rad1 Qc7 15. Be4 Bxe4 16. Qxe4 Rfd8 17. Qe2 Rab8 18. b3 Bxc3 19. Qc4 Bf6 0-1

[Event "Live Chess"]
[Site "Chess.com"]
[Date "2023.05.20"]
[Round "-"]
[White "Hacker_2009"]
[Black "wot-not"]
[Result "1-0"]
[WhiteElo "1913"]
[BlackElo "1482"]
[TimeControl "300"]
[EndTime "12:24:05 PDT"]
[Termination "Hacker_2009 won by resignation"]

1. d4 Nf6 2. Nf3 d6 3. c4 Bg4 4. e3 Nbd7 5. Be2 c5 6. O-O cxd4 7. Nxd4 Bxe2 8. Qxe2 e5 9. Nf5 Be7 10. Rd1 Nf8 11. Nxg7+ Kd7 12. c5 Kc7 13. Nf5 Rc8 14. cxd6+ Bxd6 15. Rxd6 1-0

[Event "Live Chess"]
[Site "Chess.com"]
[Date "2023.05.20"]
[Round "-"]
[White "RoaringKnights"]
[Black "Olisingapore"]
[Result "0-1"]
[WhiteElo "966"]
[BlackElo "1905"]
[TimeControl "300"]
[EndTime "12:24:08 PDT"]
[Termination "Olisingapore won by checkmate"]

1. e4 c5 2. Bc4 e6 3. Nf3 Nc6 4. d4 cxd4 5. Nxd4 Nxd4 6. Qxd4 d6 7. Qc3 Nf6 8. Be3 Be7 9. Nd2 O-O 10. Bd3 a6 11. e5 dxe5 12. Qxe5 Nd5 13. Qe4 g6 14. Bh6 Nf6 15. Qc4 b5 16. Qc6 Rb8 17. Bxf8 Bxf8 18. Qf3 Bb7 19. Qg3 Nh5 20. Qg4 Qf6 21.
O-O-O Ba3 22. c3 Qxc3+ 23. Kb1 Qxb2# 0-1

[Event "Live Chess"]
[Site "Chess.com"]
[Date "2023.05.20"]
[Round "-"]
[White "bigedd"]
[Black "OceanFloater"]
[Result "0-1"]
[WhiteElo "738"]
[BlackElo "983"]
[TimeControl "300"]
[EndTime "12:24:17 PDT"]
[Termination "OceanFloater won on time"]

1. d4 c6 2. c4 d5 3. Nc3 dxc4 4. e4 Nf6 5. Bxc4 e6 6. Qf3 b5 7. Bb3 b4 8. Na4 Qa5 9. Ne2 Be7 10. O-O O-O 11.
Bd2 Nh5 12. Rac1 Bd7 13. d5 c5 14. Nxc5 Bxc5 15. Qxh5 exd5 16. Qxd5 Bxf2+ 17. Rxf2 Qxd5 18. exd5 Bb5 19. Nf4 Nd7 20. Bxb4 Rfe8 21. a4 Ba6 22. h3 Nf6 23. d6 Ne4 24. Rfc2 Nxd6 25. Bxd6 Rad8 26. Ba3 Rd4 27. Rc7 Rxf4 28. Bd6 Rd4 29. Bxf7+ Kh8 30. Bxe8 Rxd6 31. Bb5 Bxb5 32. axb5 h6 33.
Rc8+ Kh7 34. R8c7 Rb6 35. R1c6 Rb8 36. Rc5 a6 37. Rc3 Rxb5 38. Rg3 h5 39. Rg4 Rxb2 40. Rgxg7+ Kh6 41. Rge7 Rb1+ 42. Kh2 a5 43. Re6+ Kg5 44.
Rc5+ Kf4 45. g3+ Kf3 46. Rf6+ Ke3 47. Rd5 Rb2+ 0-1

[Event "Live Chess"]
[Site "Chess.com"]
[Date "2023.05.20"]
[Round "-"]
[White "dudeasy"]
[Black "mpersander"]
[Result "1-0"]
[WhiteElo "1054"]
[BlackElo "992"]
[TimeControl "300"]
[EndTime "12:24:19 PDT"]
[Termination "dudeasy won on time"]

1. Nf3 d5 2. g3 Nc6 3. d4 Bg4 4. Bg2 Qd7 5. O-O Bh3 6. c4 Bxg2 7.
Kxg2 Nf6 8. Nc3 dxc4 9. e3 O-O-O 10. Qa4 e6 11. Qxc4 Bb4 12. a3 Bxc3 13. Qxc3 Rhe8 14. b4 Ne4 15. Qc2 h6 16. Qxe4 f5 17. Qc2 Qd5 18. Bb2 g5 19. Rac1 g4 20. e4 gxf3+ 21.
Kxf3 Qxd4 22. Bxd4 Nxd4+ 23. Kg2 Nxc2 24. Rxc2 fxe4 25.
Rfc1 c6 26. b5 Rd6 27. bxc6 b6 28. Rc4 Kc7 29. Rxe4 Rxc6 30. Rec4 Rxc4 31. Rxc4+ Kd6 32. Rh4 Rh8 33. Kf3 e5 34. Ke3 Kd5 35. Rh5 a5 36. f4 b5 37. Rxe5+ Kd6 38. Rxb5 Re8+ 39. Kf3 a4 40.
Ra5 Kc6 41. Rxa4 Rd8 42. Kg4 Rd2 43. Kh3 Kc5 44. Ra6 Rd6 45. Rxd6 Kxd6 46. Kh4 1-0

[Event "Live Chess"]
[Site "Chess.com"]
[Date "2023.05.20"]
[Round "-"]
[White "chessfiction"]
[Black "Ayush_prahlad_Gupta"]
[Result "1-0"]
[WhiteElo "2409"]
[BlackElo "1785"]
[TimeControl "300"]
[EndTime "12:24:32 PDT"]
[Termination "chessfiction won on time"]

1. e4 e5 2. Nf3 Nc6 3. Bb5 Bc5 4. d3 a6 5. Ba4 b5 6. Bb3 d6 7. c3 Nf6 8. O-O O-O 9. Bg5 h6 10. Bh4 Bg4 11. h3 Bh5 12. g4 Bg6 13. Nbd2 Na5 14. Bc2 Bb6 15. Qe2 h5 16. d4 hxg4 17. hxg4 Qd7 18. Nh2 exd4 19. Bxf6 gxf6 20. Rad1 d5 21. Ndf3 Rae8 22. Nxd4 Nc4 23. Qf3 Nxb2 24. Qxf6 Bxd4 25.
Rxd4 c6 26. f3 Re6 27. Qf4 Kg7 28. g5 Rh8 29. Ng4 Qe7 30. Rf2 Nc4 31. Nf6 Ne5 32. exd5 cxd5 33. Bxg6 Nxg6 34. Qg4 Re1+ 35. Kg2 Nh4+ 36.
Qxh4 Rxh4 37. Rxh4 Qe5 38. f4 Qxc3 39. Rh7+ Kf8 40.
Rh8+ Ke7 41. Nxd5+ Kd6 42. Nxc3 Ra1 43. Re2 Kc5 44.
Rc8+ Kb4 45. Rb2+ Ka3 46. Rc6 Kxb2 47. Ne4 Kxa2 48. Rxa6+ Kb2 49. Rxa1 Kxa1 50. f5 b4 51. g6 b3 52. gxf7 b2 53. Nc3 b1=N 54. Nxb1 Kxb1 55. f8=Q Kc2 56. f6 Kd3 57. f7 Ke4 58. Qe8+ Kd5 59.
f8=Q Kc4 60. Qc6+ Kb3 61. Qa3+ Kxa3 62. Qa6+ Kb2 63. Qb7+ Kc2 64. Qc7+ 1-0

[Event "Live Chess"]
[Site "Chess.com"]
[Date "2023.05.20"]
[Round "-"]
[White "gggoodgamebroski"]
[Black "martynstanley"]
[Result "0-1"]
[WhiteElo "329"]
[BlackElo "991"]
[TimeControl "300"]
[EndTime "12:24:34 PDT"]
[Termination "martynstanley won by checkmate"]

1. d4 e6 2. e4 d5 3. f3 c5 4.
c3 Nc6 5. dxc5 Bxc5 6. Bb5 Qb6 7. Bxc6+ bxc6 8. Qe2 Ba6 9. Qc2 Bxg1 10. Rxg1 Qxg1+ 11. Kd2 Qxg2+ 12. Kd1 Qxf3+ 13. Kd2 dxe4 14. Qa4 Qd3+ 15. Ke1 Qf1+ 16. Kd2 Qf2+ 17. Kd1 Qe2# 0-1

[Event "Live Chess"]
[Site "Chess.com"]
[Date "2023.05.20"]
[Round "-"]
[White "kevinmilleruk"]
[Black "Bot_Boy"]
[Result "1-0"]
[WhiteElo "1113"]
[BlackElo "330"]
[TimeControl "300"]
[EndTime "12:24:35 PDT"]
[Termination "kevinmilleruk won on time"]

1. c4 Nf6 2. Nc3 e6 3. d4 Nc6 4.
Nf3 Ne7 5. g3 d5 6. cxd5 Nexd5 7. Bg2 Nxc3 8. bxc3 Nd5 9. Qb3 a5 10. O-O a4 11. Qc4 Nb6 12. Qb5+ Qd7 13. Qxd7+ Bxd7 14. Bf4 c5 15. Ne5 cxd4 16. cxd4 Nd5 17. Nxd7 Kxd7 18.
Be3 Bd6 19. Rab1 Rhb8 20. Bd2 b5 21. e4 Nc7 22. e5 Be7 23. Bxa8 Rxa8 24. Bb4 Bxb4 25.
Rxb4 a3 26. h4 Ra5 27. f4 Nd5 28. Rb3 b4 29. g4 f6 30. exf6 Nxf6 31. f5 Nxg4 32.
fxe6+ Ke7 33. Rf7+ Kxe6 34. Rxg7 Nf6 35. Re3+ Kd5 36.
Re5+ 1-0

[Event "Live Chess"]
[Site "Chess.com"]
[Date "2023.05.20"]
[Round "-"]
[White "ameetghasi100"]
[Black "thrithik"]
[Result "1-0"]
[WhiteElo "2711"]
[BlackElo "384"]
[TimeControl "300"]
[EndTime "12:24:38 PDT"]
[Termination "ameetghasi100 won by checkmate"]

1. d4 d5 2. c4 c6 3. Nc3 b6 4.
Nf3 a6 5. e4 Nd7 6. e5 e6 7. h4 f6 8. h5 g6 9. hxg6 hxg6 10.
Rxh8 Nxe5 11. dxe5 fxe5 12. Rxg8 dxc4 13. Rxf8+ Ke7 14. Qxd8# 1-0

[Event "Live Chess"]
[Site "Chess.com"]
[Date "2023.05.20"]
[Round "-"]
[White "Lukaskonstanta4"]
[Black "Pablo_dmp"]
[Result "0-1"]
[WhiteElo "924"]
[BlackElo "1864"]
[TimeControl "300"]
[EndTime "12:24:53 PDT"]
[Termination "Pablo_dmp won on time"]

1. d4 Nf6 2. Nf3 d5 3. Bf4 c5 4. dxc5 Bf5 5. e3 Nc6 6. a3 e6 7. Bd3 Bxd3 8. Qxd3 Bxc5 9. Nc3 Rc8 10. O-O O-O 11. Ne5 Bd6 12. Nxc6 bxc6 13. Bxd6 Qxd6 14. Ne2 e5 15. c4 e4 16. Qd4 Ng4 17. Ng3 h5 18. h3 Nf6 19. Nf5 Qd7 20. Ng3 h4 21.
Ne2 c5 22. Qc3 Qf5 23. cxd5 Nxd5 24. Qc2 Rc6 25. Rad1 Rg6 26. Rxd5 Qxd5 27. Nf4 Qf5 28. Nxg6 fxg6 29. Rd1 c4 30. Qxc4+ Kh7 31. Qc2 Rc8 32. Qd2 Rb8 33. b4 Rb6 34. a4 Rf6 35. b5 Rf7 36. Rf1 Kh6 37. Qd4 Rd7 38. Qc4 Rd3 39. Qc6 Qf8 40. b6 axb6 41. Qxb6 Qa3 42. a5 Rb3 43. Qd8 g5 44. Qc7 g6 0-1

[Event "Live Chess"]
[Site "Chess.com"]
[Date "2023.05.20"]
[Round "-"]
[White "boilerboy1"]
[Black "azimchess2019"]
[Result "0-1"]
[WhiteElo "1050"]
[BlackElo "1374"]
[TimeControl "300"]
[EndTime "12:25:05 PDT"]
[Termination "azimchess2019 won by resignation"]

1. e4 c5 2. Nc3 d6 3. Nf3 Nc6 4. Be2 Nf6 5. O-O e6 6. d3 Be7 7.
Re1 O-O 8. Be3 d5 9. exd5 exd5 10. Bd2 Be6 11. Ng5 Nd4 12. Nxe6 Nxe6 13. Bf3 Rb8 14. a3 Nd4 15. Bf4 Nxf3+ 16. Qxf3 d4 17. Bxb8 dxc3 18.
bxc3 Qxb8 19. Rxe7 b6 20. Rb7 Qe5 21. h3 Qxc3 22. Rb1 Qxa3 23. Re7 c4 24. dxc4 Qxe7 25. c3 Rc8 26. Qd3 Qd7 27. Qxd7 Nxd7 28. Rd1 Ne5 29.
Rd4 Nxc4 30. g3 f6 31. Rd7 a5 32. Rd4 Ne5 33. Kg2 Rxc3 34. Rd8+ Kf7 35. Rb8 Rb3 36.
Rh8 h6 0-1

[Event "Live Chess"]
[Site "Chess.com"]
[Date "2023.05.20"]
[Round "-"]
[White "HugeManAmin"]
[Black "TobyQuaite"]
[Result "0-1"]
[WhiteElo "1349"]
[BlackElo "1693"]
[TimeControl "300"]
[EndTime "12:25:05 PDT"]
[Termination "TobyQuaite won by resignation"]

1. e4 e6 2. Nf3 d5 3. exd5 exd5 4.
d4 Nf6 5. Nc3 Bd6 6. Bg5 c6 7.
Qe2+ Be6 8. O-O-O h6 9. Bh4 Nbd7 10. Re1 Bb4 11. a3 Bxc3 12. bxc3 Qa5 0-1

[Event "Live Chess"]
[Site "Chess.com"]
[Date "2023.05.20"]
[Round "-"]
[White "ramses-IIG"]
[Black "DmitryVasliev"]
[Result "1-0"]
[WhiteElo "810"]
[BlackElo "1661"]
[TimeControl "300"]
[EndTime "12:25:07 PDT"]
[Termination "ramses-IIG won by resignation"]

1. e4 d6 2. Nf3 c6 3. d4 h6 4.
Bc4 Nd7 5. Bb3 g5 6. c3 Bg7 7. O-O e5 8. d5 c5 9. Nbd2 Nf8 10.
Nc4 Ng6 11. Ba4+ Bd7 12. Bxd7+ Qxd7 13. Qb3 b5 14. Ne3 N8e7 15. Qc2 Nf4 16. b3 Bf6 17.
g3 Qg4 18. Nxg4 1-0

[Event "Live Chess"]
[Site "Chess.com"]
[Date "2023.05.20"]
[Round "-"]
[White "MJMykh"]
[Black "Balu13"]
[Result "0-1"]
[WhiteElo "987"]
[BlackElo "842"]
[TimeControl "300"]
[EndTime "12:25:08 PDT"]
[Termination "Balu13 won by checkmate"]

1. e4 d5 2. exd5 Qxd5 3. Nc3 Qa5 4. Bb5+ c6 5. Bc4 Nf6 6. Nf3 Bg4 7. O-O e5 8. d3 Nbd7 9. Bd2 Bb4 10. h3 Bh5 11. a3 Bxc3 12. Bxc3 Qc7 13. Re1 O-O-O 14.
Bb4 Nb6 15. Ba5 e4 16. Bxb6 axb6 17. Qe2 exf3 18. gxf3 Qf4 19. Kg2 Qg5+ 20. Kh2 Rhe8 21. Rg1 Qf4+ 22. Rg3 Rxe2 23. Kg2 b5 24. Bb3 c5 25.
Ba2 Rxc2 26. Rb1 Rxd3 27. Rxg7 Qxf3+ 28. Kg1 Qxf2+ 29. Kh1 Qh2# 0-1

[Event "Live Chess"]
[Site "Chess.com"]
[Date "2023.05.20"]
[Round "-"]
[White "manthanit"]
[Black "JohanKjeldahl"]
[Result "1-0"]
[WhiteElo "980"]
[BlackElo "1776"]
[TimeControl "300"]
[EndTime "12:25:10 PDT"]
[Termination "manthanit won by checkmate"]

1. e4 Nc6 2. d4 d5 3. Nc3 dxe4 4.
Nxe4 Nf6 5. Nxf6+ gxf6 6. Nf3 Bf5 7. Bb5 Qd5 8. Bxc6+ Qxc6 9. c3 O-O-O 10. O-O e5 11. Be3 e4 12. Nh4 Bg6 13. Rc1 f5 14. f3 Be7 15.
Nxg6 hxg6 16. fxe4 Qxe4 17. Bf4 Rh4 18. Bg3 Qe3+ 19.
Bf2 Qh6 20. Bxh4 Qxh4 21. Qf3 Rh8 22. h3 Bg5 23. Rce1 Qh6 24. Re2 Bf6 25. Rfe1 f4 26. Re8+ Rxe8 27. Rxe8+ Kd7 28. Re4 g5 29. Kh2 Be7 30. Qe2 Bd6 31. Kh1 f5 32. Re8 c6 33.
c4 g4 34. c5 f3 35. gxf3 Qxh3+ 36. Kg1 Qg3+ 37. Kf1 Qh3+ 38. Ke1 Bg3+ 39. Kd1 Qh1+ 40. Kc2 Qh6 41. Qe7# 1-0

[Event "Live Chess"]
[Site "Chess.com"]
[Date "2023.05.20"]
[Round "-"]
[White "Tilbs_12"]
[Black "mightysmasher"]
[Result "0-1"]
[WhiteElo "1560"]
[BlackElo "2105"]
[TimeControl "300"]
[EndTime "12:25:21 PDT"]
[Termination "mightysmasher won on time"]

1. e4 e6 2. d4 d5 3. e5 c5 4.
c3 Nc6 5. Nf3 Qb6 6. Bd3 Bd7 7.
O-O Rc8 8. Re1 Nh6 9. a3 Ng4 10. b4 cxb4 11. axb4 a5 12. h3 Nh6 13. b5 Na7 14.
Na3 Bxa3 15. Bxa3 Nxb5 16. Bc5 Qc6 17. Rxa5 Nxc3 18. Qb3 Ne4 19. Bxe4 dxe4 20. Nd2 b6 21. Bxb6 Rb8 22. Nc4 O-O 23. Rc5 Qb7 24. Rb1 Qa6 25. Nd6 Nf5 26. Nxf5 exf5 27. d5 f4 28. Rc7 Bf5 29. Rb2 e3 30. fxe3 fxe3 31. Qxe3 Qa1+ 32.
Qc1 Qa6 33. Qc5 Qa1+ 34. Qc1 Qa6 35. Rc6 Rfc8 36. Rxc8+ Rxc8 37. Qe1 Qd3 38. d6 Qd5 39. Rd2 Qc6 40. Bc7 Be6 41. g4 h6 42. Kh2 Qa4 43.
Kg3 Qb3+ 44. Kf2 Qxh3 45. d7 Bxd7 46. Rxd7 Qxg4 47. Rd8+ Rxd8 48. Bxd8 Qd4+ 49. Qe3 Qxd8 50. Kf3 Qh4 51. e6 Qh3+ 52. Kf4 g5+ 53. Ke4 Qxe6+ 54. Kd3 Qxe3+ 55. Kxe3 f5 56. Kf3 Kf7 0-1

[Event "Live Chess"]
[Site "Chess.com"]
[Date "2023.05.20"]
[Round "-"]
[White "lateforthesky"]
[Black "ElectricFalcon"]
[Result "1-0"]
[WhiteElo "2089"]
[BlackElo "1071"]
[TimeControl "300"]
[EndTime "12:25:34 PDT"]
[Termination "lateforthesky won by resignation"]

1. e4 e5 2. Nf3 Nc6 3. Bb5 Nf6 4. d3 Bc5 5. O-O O-O 6. c3 d6 7. h3 Bd7 8. Nbd2 a6 9. Ba4 b5 10. Bb3 Bb6 11. Re1 a5 12. Nf1 a4 13. Bc2 Ne7 14. d4 Ng6 15. Ng3 c5 16. dxe5 Nxe5 17. Nxe5 dxe5 18. Bg5 Be6 19. Qf3 Qe7 20. Nh5 h6 21.
Nxf6+ gxf6 22. Bxf6 Qd6 23. Qg3+ 1-0

[Event "Live Chess"]
[Site "Chess.com"]
[Date "2023.05.20"]
[Round "-"]
[White "AbilifyXL"]
[Black "xx_blindpuffin_xx"]
[Result "0-1"]
[WhiteElo "1945"]
[BlackElo "2214"]
[TimeControl "300"]
[EndTime "12:25:43 PDT"]
[Termination "xx_blindpuffin_xx won on time"]

1. d4 d5 2. c4 e6 3. cxd5 exd5 4. Nc3 c6 5. Nf3 Bd6 6. Bg5 Ne7 7. e3 O-O 8. Bd3 f6 9. Bh4 Bf5 10. O-O a5 11.
Rc1 Na6 12. a3 Re8 13. Bg3 Bxg3 14. hxg3 Qd7 15. Qc2 Nc7 16. Nh4 Bxd3 17. Qxd3 Ne6 18. Nf3 a4 19. Qc2 b5 20. Rfe1 Rac8 21. Qd3 g6 22.
Rcd1 Nf5 23. e4 dxe4 24. Nxe4 Kf7 25. Qc3 Nc7 26. d5 Nxd5 27. Rxd5 cxd5 28. Qxf6+ Kg8 29. Neg5 Rxe1+ 30. Nxe1 Rf8 31. Qc3 d4 32. Qd3 Re8 33. Ngf3 Qd5 34. Nc2 Rd8 35. g4 Nd6 36. Nfxd4 Nc4 37.
Qc3 Re8 38. Nf3 Qe4 39. Ncd4 Qxg4 40. Nxb5 Rc8 41. Nbd4 Ne5 42. Qe3 Nxf3+ 43. Nxf3 Qf5 44.
g3 Rb8 45. Kg2 Qf7 46. Qd4 Rf8 47. Ng5 Qb7+ 48. Kh2 Qe7 49. Nh3 Rd8 50. Qxa4 Qe2 51. Qb3+ Kg7 52. Kg2 Qe4+ 53. Qf3 Qc2 54. Nf4 Re8 55.
b4 Qa4 56. Qc3+ Kg8 57. Qc4+ Kg7 58. Qd4+ Kg8 59. Qd5+ Kg7 60. Qd4+ Kg8 61. Qc3 Qa8+ 62. Qf3 Qd8 63. Qb3+ Kg7 64. b5 Re5 65. a4 Qa8+ 66. Qf3 Re4 67. Ne6+ Kg8 68. Ng5 Re8 69. Qxa8 Rxa8 70.
Ne4 Rxa4 71. b6 Rb4 72. Nf6+ Kf7 73. Nd7 Ke7 74. Ne5 Rxb6 75. Ng4 h5 76. Ne3 Kf7 77. Nd5 Rd6 78. Nf4 Ra6 79. Nd5 Ra1 80. Ne3 Kg7 0-1

[Event "Live Chess"]
[Site "Chess.com"]
[Date "2023.05.20"]
[Round "-"]
[White "MarkLim1"]
[Black "OSmith06"]
[Result "0-1"]
[WhiteElo "1677"]
[BlackElo "1678"]
[TimeControl "300"]
[EndTime "12:25:45 PDT"]
[Termination "OSmith06 won by resignation"]

1. d4 Nf6 2. Nf3 e6 3. e3 d5 4. Bd3 c5 5. b3 Nc6 6. O-O Bd6 7. Bb2 O-O 8. a3 b6 9. Ne5 Qc7 10. f4 Ne4 11. Nd2 Nxd2 12. Qxd2 cxd4 13. exd4 f6 14.
Ng4 e5 15. fxe5 Bxg4 16. exd6 Qxd6 17. Rae1 Rae8 18. Qf2 Re7 19. Bb5 Rfe8 20. Bd3 Rxe1 21. Rxe1 Rxe1+ 22. Qxe1 Qe6 23. Qg3 Bf5 24. h3 Bxd3 25.
Qxd3 Qe1+ 26. Kh2 Qe4 27. Qxe4 dxe4 28. Kg3 g5 29. h4 h6 30. hxg5 hxg5 31. Kg4 Kf7 32.
c3 Kg6 33. Bc1 f5+ 34. Kg3 f4+ 35. Kf2 Kf5 36. d5 Na5 37. b4 Nc4 38. g3 f3 39. a4 g4 40. Bf4 Nb2 41. a5 Nd1+ 42. Kf1 Nxc3 43. d6 Ke6 44. axb6 axb6 45. Be3 b5 46. Bc5 Na4 47. Kf2 Nxc5 48. bxc5 b4 49. Ke3 b3 50. Kxe4 f2 51. Kf4 f1=Q+ 52. Kxg4 Qc4+ 0-1

[Event "Live Chess"]
[Site "Chess.com"]
[Date "2023.05.20"]
[Round "-"]
[White "flyingpuffins"]
[Black "Ayursworld"]
[Result "0-1"]
[WhiteElo "1959"]
[BlackElo "1372"]
[TimeControl "300"]
[EndTime "12:25:46 PDT"]
[Termination "Ayursworld won by resignation"]

1. e4 c5 2. Nf3 Nc6 3. Bb5 d6 4. O-O e5 5. Re1 Nf6 6. c3 Bg4 7. d4 cxd4 8. cxd4 exd4 9. h3 Bxf3 10. Qxf3 Be7 11. Na3 O-O 12. Nc4 a6 13. Ba4 b5 14.
Bb3 bxc4 15. Bxc4 Qb6 16. b3 Ne5 17. Qg3 Nxc4 18. bxc4 g6 19. Bg5 Qc5 20. Bh6 Rfe8 21. f4 d3+ 22. Kh2 Nd7 23. Qxd3 Bh4 24. Re2 Ne5 25. fxe5 Qxe5+ 26. Kh1 Qxa1+ 0-1

[Event "Live Chess"]
[Site "Chess.com"]
[Date "2023.05.20"]
[Round "-"]
[White "Man-Del-Brot"]
[Black "Doge_Dandolo"]
[Result "0-1"]
[WhiteElo "1173"]
[BlackElo "2026"]
[TimeControl "300"]
[EndTime "12:25:47 PDT"]
[Termination "Doge_Dandolo won on time"]

1. g4 c6 2. h4 d5 3. g5 Bf5 4. d3 h6 5. Bg2 e6 6. e4 dxe4 7. dxe4 Qxd1+ 8. Kxd1 Bg4+ 9. f3 Bh5 10. Nc3 Nd7 11. Be3 Bd6 12. Nh3 Ne5 13. Nf4 Bxf3+ 14.
Bxf3 Nxf3 15. Ke2 Ne5 16. Rad1 O-O-O 17. Nd3 Nc4 18. Bxa7 b6 19. b3 Kb7 20. bxc4 Kxa7 21.
e5 Bc7 22. Rhf1 hxg5 23. Rxf7 Kb7 24. Rxg7 gxh4 25. Nf4 h3 26. Nxe6 Rc8 27. Ne4 Kb8 28. Nxc7 Rxc7 29. Rxc7 Kxc7 30. Nd6 Ne7 31. Nf7 Rh4 32. e6 h2 33. Rh1 Re4+ 34. Kf3 Rxe6 35. Rxh2 Rf6+ 36. Ke4 Rxf7 37. Ke5 Nc8 38. Ke6 Re7+ 39.
Kf6 Rd7 40. Rg2 c5 41. a3 Kc6 42. a4 Nd6 43. Re2 Nxc4 44. Re4 Nd2 45. Re2 Nb1 46.
Re6+ Rd6 47. Rxd6+ Kxd6 48. Kf5 Na3 49. c3 Nb1 50. c4 Nd2 51. Kf4 Nxc4 52. Ke4 Nb2 0-1

[Event "Live Chess"]
[Site "Chess.com"]
[Date "2023.05.20"]
[Round "-"]
[White "Bob2pen"]
[Black "PiotrD11"]
[Result "1-0"]
[WhiteElo "1788"]
[BlackElo "1347"]
[TimeControl "300"]
[EndTime "12:25:48 PDT"]
[Termination "Bob2pen won by resignation"]

1. e4 d5 2. exd5 Nf6 3. Nf3 Nxd5 4. Nc3 Nxc3 5. bxc3 Nc6 6. Bc4 e5 7. O-O Be7 8. Re1 Bf6 9. d4 O-O 10. Ba3 Re8 11.
Nxe5 Nxe5 12. dxe5 Qxd1 13. Raxd1 Bg5 14. g3 Bg4 15.
Rb1 b6 16. f4 Bd8 17. Be2 Bf5 18. Bd3 Be6 19. Rbd1 Bxa2 20. Be4 Rb8 21. Bc6 Re6 22.
Bd7 Rh6 23. f5 Bc4 24. e6 fxe6 25. fxe6 c5 26. e7 Bxe7 27. Rxe7 Rd8 28. Be6+ Kf8 29. Rf7+ Ke8 30. Rxd8+ Kxd8 31. Bxc4 1-0

[Event "Live Chess"]
[Site "Chess.com"]
[Date "2023.05.20"]
[Round "-"]
[White "SirEntrails"]
[Black "Demyan7777"]
[Result "0-1"]
[WhiteElo "537"]
[BlackElo "1676"]
[TimeControl "300"]
[EndTime "12:25:51 PDT"]
[Termination "Demyan7777 won by resignation"]

1. e4 c5 2. Nf3 d6 3. Bc4 a6 4.
Ng5 e6 5. f4 b5 6. Bb3 c4 7.
Bxc4 bxc4 8. f5 Qxg5 9. fxe6 Bxe6 10. O-O Nc6 11. Qf3 Nd4 12. Qe3 Qxe3+ 13. dxe3 Nxc2 0-1